 Dungeon Crawl Stone Soup version 0.27-a0-223-ge082b6e869 (webtiles) character file.

Game seed: 17723018727283407120

49 snetch the Magician (level 3, -3/25 HPs)
             Began as a Gnoll Hedge Wizard on Feb 1, 2021.
             Killed from afar by Ijyb (15 damage)
             ... with an iceblast
             ... on level 3 of the Dungeon.
             The game lasted 00:04:54 (1831 turns).

snetch the Magician (Gnoll Hedge Wizard)            Turns: 1831, Time: 00:04:54

Health: -3/25      AC:  2    Str:  9    XL:     3   Next: 77%
Magic:  6/11       EV: 14    Int: 14    God:
Gold:   93         SH:  0    Dex: 11    Spells: 8/16 levels left

rFire    . . .     SeeInvis .   a - +0 dagger
rCold    . . .     Faith    .   (no shield)
rNeg     . . .     Spirit   .   b - +0 robe
rPois    .         Reflect  .   c - +0 hat
rElec    .         Harm     .   (no cloak)
rCorr    .         Rampage  .   (no gloves)
Will     .....                  (no boots)
Stlth    ++........             (no amulet)
HPRegen  0.08/turn              (no ring)
MPRegen  0.12/turn              (no ring)

@: no status effects
A: distributed training, fangs 1, strong nose
a: no special abilities


You were on level 3 of the Dungeon.
You visited 1 branch of the dungeon, and saw 4 of its levels.

You collected 93 gold pieces.

Inventory:

Hand Weapons
 a - a +0 dagger (weapon)
 p - a +0 hand axe
Missiles
 g - 25 bolts
 k - 16 poisoned darts
 o - a stone
 q - 2 boomerangs
Armour
 b - a +0 robe (worn)
 c - a +0 hat (worn)
Scrolls
 d - a scroll of remove curse {unknown}
 f - a scroll of magic mapping {unknown}
 h - 2 scrolls of teleportation {unknown}
 i - 3 scrolls of identify {unknown}
Potions
 e - a potion of ambrosia {unknown}
 j - a potion of berserk rage {unknown}
 l - a potion of invisibility
 m - a potion of heal wounds {unknown}
 n - a potion of mutation {unknown}


   Skills:
 + Level 0.9 Fighting
 + Level 0.9 Short Blades
 + Level 0.9 Long Blades
 + Level 0.9 Axes
 + Level 0.9 Maces & Flails
 + Level 0.9 Polearms
 + Level 0.9 Staves
 + Level 0.9 Slings
 + Level 0.9 Bows
 + Level 0.9 Crossbows
 + Level 0.9 Throwing
 + Level 0.9 Armour
 + Level 4.5 Dodging
 + Level 4.2 Stealth
 + Level 0.9 Shields
 + Level 0.9 Unarmed Combat
 + Level 7.1 Spellcasting
 + Level 2.1 Conjurations
 + Level 0.6 Hexes
 + Level 2.1 Summonings
 + Level 0.6 Necromancy
 + Level 2.1 Translocations
 + Level 0.6 Transmutations
 + Level 0.6 Fire Magic
 + Level 0.6 Ice Magic
 + Level 0.6 Air Magic
 + Level 0.6 Earth Magic
 + Level 0.6 Poison Magic
 + Level 1.0 Invocations
 + Level 0.9 Evocations


You had 8 spell levels left.
You knew the following spells:

 Your Spells              Type           Power        Failure   Level
a - Magic Dart            Conj           44%          6%          1
b - Blink                 Tloc           N/A          9%          2
c - Call Imp              Summ           11%          9%          2
d - Mephitic Cloud        Conj/Pois/Air  8%           26%         3

Your spell library contained the following spells:

 Spells                   Type           Power        Failure   Level
 Slow                     Hex            6%           16%         2
 Conjure Flame            Conj/Fire      8%           24%         3


Dungeon Overview and Level Annotations

Branches:
Dungeon (4/15)
 Temple: D:4-7

Altars:

Annotations:
D:3 Ijyb


Innate Abilities, Weirdness & Mutations

Your experience applies equally to all skills.
You have very sharp teeth.
Your uncanny sense of smell can sniff out nearby items.


Message History

There is a stone staircase leading up here.
The magic dart hits the frilled lizard.
You kill the frilled lizard!
You climb upwards.
There is a stone staircase leading down here.
Found 21 sling bullets.
h - 2 scrolls labelled YCUT KISCHAITZ (gained 1) Ijyb the Twisted Goblin comes into view.
She is wearing a +2 ring mail of cold resistance and carrying a wand of iceblast (11).
A rat comes into view.
Ijyb drinks a potion.
Ijyb flickers and vanishes!
Deactivating autopickup; reactivate with Ctrl-A.
You hear a zap.
An iceblast appears from out of thin air!
The mass of ice explodes!
The iceblast engulfs you!
Ouch! That really hurt!
You hear a zap.
An iceblast appears from out of thin air!
The mass of ice explodes!
The iceblast engulfs you!
Ouch! That really hurt!
You die...

# #.r #...#.##..........#
..## #.# #...#.##..........#
#...(##.# #...#.##>.........#
#.#....####.....##..........#
#......##......# ##.#########
#......{..#....# #.#
....##...#......####.# ..#
#..#........##...# #
#.##.....@....†###
.......###...>.<..# ##.#....#
##.....#.# ..#....# ###.#...#
.. #....# #...#.... #....
#..##..... ...# .... ...# ...
#...# ...


There were no monsters in sight!

Vanquished Creatures
  An adder (D:2)
  An ooze (D:1)
  A dart slug (D:1)
  An orc (D:3)
  A giant cockroach (D:2)
  6 goblins
  4 hobgoblins
  2 kobolds
  A quokka (D:2)
  6 bats
  2 frilled lizards
  2 rats (D:1)
28 creatures vanquished.

Vanquished Creatures (collateral kills)
  2 orcs (D:3)
2 creatures vanquished.

Vanquished Creatures (others)
  A plant (D:1)
1 creature vanquished.

Grand Total: 31 creatures vanquished

Notes
Turn   | Place    | Note
-------+----------+-------------------------------------------
     0 | D:1      | snetch the Gnoll Hedge Wizard began the quest for the Orb.
     0 | D:1      | Reached XP level 1. HP: 13/13 MP: 8/8
   440 | D:1      | Reached XP level 2. HP: 20/20 MP: 2/10
   813 | D:2      | Reached XP level 3. HP: 16/25 MP: 6/11
   816 | D:2      | Learned a level 2 spell: Blink
   819 | D:2      | Learned a level 2 spell: Call Imp
   823 | D:2      | Learned a level 3 spell: Mephitic Cloud
  1285 | D:1      | Reached skill level 1 in Invocations
  1824 | D:3      | Noticed Ijyb
  1831 | D:3      | Killed from afar by Ijyb

Illustrated notes

Levels and vault maps discovered:
D:1:      denvon_arrival_planthouse, layout_basic
D:2:      layout_basic, uniq_robin
D:3:      layout_rooms, lemuel_crystal_altar, marbit_many_paths,
          dk_noncrumbling_3, uniq_ijyb
D:4:      layout_loops_ring, grunt_temple_overflow_forces_of_nature,
          minmay_temple_entry_gardened_gates, serial_aquarium,
          aquarium_bridge_long_separate [aquarium_subvault_wall,
          aquarium_subvault_bridge, aquarium_subvault_window,
          aquarium_subvault_bridge, aquarium_subvault_wall,
          aquarium_subvault_bridge], aquarium_window_1, aquarium_window_2,
          aquarium_window_1, aquarium_view_2f, serial_shops, nicolae_shop_stone

Skill      XL: |  1  2  3 |
---------------+----------+-----
Conjurations   | 2 |  2.1
Summonings     | 2 |  2.1
Translocations | 2 |  2.1
Invocations    | 1 |  1.0
Fighting       | |  0.9
Short Blades   | |  0.9
Long Blades    | |  0.9
Axes           | |  0.9
Maces & Flails | |  0.9
Polearms       | |  0.9
Staves         | |  0.9
Slings         | |  0.9
Bows           | |  0.9
Crossbows      | |  0.9
Throwing       | |  0.9
Armour         | |  0.9
Dodging        | |  4.5
Stealth        | |  4.2
Shields        | |  0.9
Unarmed Combat | |  0.9
Spellcasting   | |  7.1
Hexes          | |  0.6
Necromancy     | |  0.6
Transmutations | |  0.6
Fire Magic     | |  0.6
Ice Magic      | |  0.6
Air Magic      | |  0.6
Earth Magic    | |  0.6
Poison Magic   | |  0.6
Evocations     | |  0.9

Action                   || total
-------------------------++-------
Melee: Dagger            ||    24
       Bite              ||     2
 Cast: Magic Dart        ||    60
       Call Imp          ||     3
 Stab: Sleeping          ||     4
Armor: Robe              ||     4
Dodge: Dodged            ||    34

Table legend: (Time is in decaauts)
 A = Elapsed time spent in this place.
 B = Non-inter-level travel time spent in this place.
 C = Inter-level travel time spent in this place.
 D = Time resting spent in this place.
 E = Time spent auto-exploring this place.
 F = Levels seen in this place.
 G = Mean time per level.
                   A        B        C        D        E       F      G
               +--------+--------+--------+--------+--------+-----+--------+
         Total |   1835 |   1754 |     81 |    297 |   1088 |   4 |  458.8 |
       Dungeon |   1835 |   1754 |     81 |    297 |   1088 |   4 |  458.8 |
               +--------+--------+--------+--------+--------+-----+--------+

Top non-repeatable levels by time:
     D:1: 1432 daAuts
     D:2: 301 daAuts
     D:3: 95 daAuts
     D:4: 5 daAuts
